Canadiens vs Kings

Created - 31 octobre 2017 at 13:59

Goals
1 2 3 OT1 T
Canadiens 2 0 1 0 3
Kings 1 0 2 1 4
Shots
1 2 3 OT1 T
Canadiens 16 6 10 0 32
Kings 13 11 10 1 35

1st period

1. Kings , Jason Zucker 1 (Thomas Vanek 6, Justin Schultz 3) at 6:00
2. Canadiens , Antoine Roussel 1 (Ryan Strome 4, Reilly Smith 3) at 10:32
3. Canadiens , Ryan Strome 4 (Antoine Roussel 5, Reilly Smith 4) at 17:44

Penalties :
Patrick Maroon (LAK) for Hooking (Minor) at 6:22

2nd period

No Goal

Penalties :
Jake Muzzin (MTL) for Hooking (Minor) at 0:22, Patrick Maroon (LAK) for Roughing (Minor) at 8:03

3rd period

4. Kings , Thomas Vanek 1 (Justin Schultz 4, Danny DeKeyser 1) at 10:31
5. Kings , Danny DeKeyser 1 (Patrick Maroon 5, Mathieu Perreault 4) at 11:07
6. Canadiens , Max Pacioretty 6 (Bryan Little 5) at 19:45

Penalties :
Steve Ott (MTL) for Cross-checking (Minor) at 6:42, Nino Niederreiter (MTL) for Hooking (Minor) at 14:23

Overtime #1

7. Kings , Martin Hanzal 6 (Artem Anisimov 4, Justin Schultz 5) at 1:24

Penalties :
No Penalty

Goalie Stats

Robin Lehner (MTL), 31 saves from 35 shots - (0,886), OTL, 4-2-2, 61:01 minutes
Ryan Miller (LAK), 29 saves from 32 shots - (0,906), W, 4-4-1, 61:24 minutes

Players Stats for Canadiens

Player Name              G  A  P  +/- PIM S  H  SB GA TA FO     MP     PP MP  PK MP  
------------------------------------------------------------------------------------
Alexei Emelin            0  0  0   0  0   0  2  2  0  1  0/0    18:30   0:00   2:06 
Antoine Roussel          1  1  2   1  0   3  1  0  0  1  0/0    15:47   0:00   3:30 
Brent Seabrook           0  0  0   0  0   0  1  1  0  0  0/0    21:38   2:00   0:47 
Brett Pesce              0  0  0  -1  0   3  1  4  1  1  0/0    22:22   1:58   3:51 
Bryan Little             0  1  1   0  0   0  2  0  0  0  6/20   18:43   2:05   1:08 
Calvin de Haan           0  0  0   0  0   3  0  1  0  1  0/0    20:25   1:58   2:06 
Chris Kreider            0  0  0   0  0   2  1  3  1  0  1/3    17:21   1:53   0:00 
Francois Beauchemin      0  0  0   0  0   0  0  0  0  1  0/0    18:36   0:00   3:04 
Jake Muzzin              0  0  0   0  2   0  1  1  0  0  0/0    20:16   2:00   0:00 
Max Pacioretty           1  0  1   0  0   6  0  1  0  0  0/0    18:08   2:05   0:33 
Mitchell Marner          0  0  0  -2  0   2  1  0  0  0  1/2    16:57   1:53   0:31 
Nino Niederreiter        0  0  0   0  2   3  0  1  0  0  1/1    16:18   1:53   0:00 
Patrick Marleau          0  0  0   0  0   1  1  1  2  0  9/21   16:20   2:05   0:00 
Reilly Smith             0  2  2   1  0   3  1  1  0  0  0/1    14:00   0:00   1:41 
Ryan Strome              1  1  2   1  0   2  1  0  0  1  6/17   15:47   0:00   3:30 
Steve Ott                0  0  0  -1  2   0  1  0  0  0  1/2    10:12   0:00   1:01 
Sven Baertschi           0  0  0  -1  0   1  0  0  1  0  0/0     8:26   0:00   0:00 
Taylor Beck              0  0  0  -1  0   3  1  0  0  0  0/0     8:26   0:00   0:00 

Players Stats for Kings

Player Name              G  A  P  +/- PIM S  H  SB GA TA FO     MP     PP MP  PK MP  
------------------------------------------------------------------------------------
Alex Ovechkin            0  0  0   0  0   6  2  1  0  0  1/1    20:17   3:13   0:31 
Alexander Edler          0  0  0  -1  0   0  1  0  0  1  0/0    25:24   3:42   1:40 
Artem Anisimov           0  1  1   1  0   1  1  0  1  0  0/1    19:39   3:13   0:00 
Brian Dumoulin           0  0  0  -1  0   2  1  0  0  0  0/0    17:11   0:00   2:18 
Cam Fowler               0  0  0  -2  0   1  0  1  0  0  0/0    27:07   3:42   1:40 
Danny DeKeyser           1  1  2   2  0   1  2  2  0  1  0/0    17:40   0:00   2:18 
Jason Zucker             1  0  1   2  0   3  2  0  1  1  1/1    16:50   0:05   2:22 
Justin Schultz           0  3  3   4  0   0  1  0  0  0  0/0    17:06   2:15   0:00 
Magnus Paajarvi          0  0  0  -1  0   1  1  0  0  0  0/0    12:54   0:00   1:05 
Martin Hanzal            1  0  1   2  0   2  1  0  0  0  7/14   17:29   0:00   2:22 
Mathieu Perreault        0  1  1  -1  0   1  2  1  1  0  5/12   14:21   2:39   0:00 
Michael Del Zotto        0  0  0  -1  0   1  2  1  0  0  0/0    16:56   2:15   0:00 
Oliver Bjorkstrand       0  0  0   0  0   4  1  0  2  0  0/0     7:42   0:05   0:00 
Patrick Maroon           0  1  1  -1  4   2  2  0  0  0  0/0    14:30   2:39   0:00 
Ryan Kesler              0  0  0  -1  0   2  1  0  0  2  23/30  20:41   3:13   0:00 
Ryan Reaves              0  0  0   0  0   1  0  0  0  0  0/0     7:47   0:00   0:31 
Thomas Vanek             1  1  2   2  0   6  0  0  1  0  2/2    16:45   2:39   0:00 
William Karlsson         0  0  0  -1  0   1  0  0  0  0  3/6     9:53   0:05   1:05 

3 Stars

1 - Justin Schultz (LAK)
2 - Danny DeKeyser (LAK)
3 - Thomas Vanek (LAK)

Power Play

Canadiens - 0 on 2 Attempt(s) - 0,00%
Kings - 0 on 3 Attempt(s) - 0,00%

Penalty Kill

Canadiens - 3 on 3 Attempt(s) - 100,00% - Score 0 goal in Penalty Kill
Kings - 2 on 2 Attempt(s) - 100,00% - Score 0 goal in Penalty Kill

Team Stat

Canadiens - Hits : 15 - Faceoff Wins : 25 - Blocked Shots : 16 - Penalty Minutes : 6
Kings - Hits : 20 - Faceoff Wins : 42 - Blocked Shots : 6 - Penalty Minutes : 4

Official

Referees : Trevor Hanson and Ian Walsh
Linesman : Brad Lazarowich and Devin Berg

Game Notes

No Game Note

Finance

Level 1 -- Attendance: 6000 (100,00%) -- Ticket Income 540 000 $
Level 2 -- Attendance: 4636 (92,72%) -- Ticket Income 231 800 $
Level 3 -- Attendance: 2000 (100,00%) -- Ticket Income 60 000 $
Level 4 -- Attendance: 4000 (100,00%) -- Ticket Income 40 000 $
Luxury Box -- Attendance: 946 (94,60%) -- Ticket Income 151 360 $
Game was played at the Hollywood Garden.
Total Attendance: 17582 (97,68%)
Total Ticket Income: 1 023 160 $
Other Income: 501 348 $
Total Income: 1 524 508 $

Canadiens

5 vs 5 Forward 
   Center                   Left Wing                Right Wing               Time % Phy DF OF 
 1 Bryan Little             Max Pacioretty           Mitchell Marner          30     0   2  3  
 2 Patrick Marleau          Chris Kreider            Nino Niederreiter        30     0   2  3  
 3 Ryan Strome              Antoine Roussel          Reilly Smith             25     0   2  3  
 4 Steve Ott                Sven Baertschi           Taylor Beck              15     0   2  3  

5 vs 5 Defense 
   Defense                  Defense                                           Time % Phy DF OF 
 1 Brent Seabrook           Jake Muzzin                                       32     0   3  2  
 2 Calvin de Haan           Francois Beauchemin                               32     0   3  2  
 3 Alexei Emelin            Brett Pesce                                       30     1   2  2  
 4 Brent Seabrook           Jake Muzzin                                       6      0   3  2  

PowerPlay Forward 
   Center                   Left Wing                Right Wing               Time % Phy DF OF 
 1 Bryan Little             Max Pacioretty           Patrick Marleau          50     0   1  4  
 2 Chris Kreider            Nino Niederreiter        Mitchell Marner          50     0   1  4  

PowerPlay Defense
   Defense                  Defense                                           Time % Phy DF OF 
 1 Brent Seabrook           Jake Muzzin                                       50     0   2  3  
 2 Brett Pesce              Calvin de Haan                                    50     0   2  3  

Penalty Kill 4 Players Forward 
   Center                   Wing                     Time % Phy DF OF 
 1 Ryan Strome              Antoine Roussel          60     0   4  1  
 2 Steve Ott                Reilly Smith             40     0   4  1  

Penalty Kill 4 Players Defense
   Defense                  Defense                  Time % Phy DF OF 
 1 Brett Pesce              Francois Beauchemin      60     0   5  0  
 2 Alexei Emelin            Calvin de Haan           40     0   5  0  

Penalty Kill - 3 Players Forward 
   Forward                                           Time % Phy DF OF 
 1 Antoine Roussel                                   50     0   5  0  
 2 Reilly Smith                                      50     0   5  0  

Penalty Kill - 3 Players Defense
   Defense                  Defense                  Time % Phy DF OF 
 1 Brent Seabrook           Francois Beauchemin      50     0   5  0  
 2 Calvin de Haan           Alexei Emelin            50     0   5  0  

4 vs 4 Forward 
   Center                   Wing                     Time % Phy DF OF 
 1 Patrick Marleau          Chris Kreider            50     0   2  3  
 2 Max Pacioretty           Nino Niederreiter        50     0   2  3  

4 vs 4 Defense
   Defense                  Defense                  Time % Phy DF OF 
 1 Brent Seabrook           Calvin de Haan           50     0   3  2  
 2 Jake Muzzin              Brett Pesce              50     0   3  2  

Last Minutes Offensive
   Center                   Left Wing                Right Wing               Defense                  Defense                  
   Bryan Little             Max Pacioretty           Chris Kreider            Brent Seabrook           Jake Muzzin              

Last Minutes Defensive
   Center                   Left Wing                Right Wing               Defense                  Defense                  
   Bryan Little             Antoine Roussel          Steve Ott                Francois Beauchemin      Brent Seabrook           

Goaltenders
Starting : Robin Lehner             
Backup : Brian Elliott            

Extra Forwards
Normal : Reilly Smith, Ryan Strome, Sven Baertschi - PP : Reilly Smith, Ryan Strome - PK : Bryan Little
Extra Defensemen
Normal : Calvin de Haan, Brett Pesce, Francois Beauchemin - PP : Calvin de Haan - PK : Brett Pesce, Francois Beauchemin
Penalty Shots
Antoine Roussel, Mitchell Marner, Brett Pesce, Steve Ott, Patrick Marleau
Custom OT Lines Forwards
Max Pacioretty, Bryan Little, Mitchell Marner, Chris Kreider, Patrick Marleau, Nino Niederreiter, Reilly Smith, Ryan Strome, Sven Baertschi, Antoine Roussel
Custom OT Lines Defensemen
Brent Seabrook, Jake Muzzin, Brett Pesce, Calvin de Haan, Francois Beauchemin

Scratches
Andreas Athanasiou (Healthy), Taylor Chorney (Healthy)

Kings

5 vs 5 Forward 
   Center                   Left Wing                Right Wing               Time % Phy DF OF 
 1 Ryan Kesler              Artem Anisimov           Alex Ovechkin            37     1   2  2  
 2 Martin Hanzal            Thomas Vanek             Jason Zucker             30     1   2  2  
 3 Mathieu Perreault        Patrick Maroon           Magnus Paajarvi          24     1   2  2  
 4 William Karlsson         Ryan Reaves              Oliver Bjorkstrand       9      1   2  2  

5 vs 5 Defense 
   Defense                  Defense                                           Time % Phy DF OF 
 1 Cam Fowler               Alexander Edler                                   40     1   2  2  
 2 Danny DeKeyser           Justin Schultz                                    32     1   2  2  
 3 Michael Del Zotto        Brian Dumoulin                                    28     1   2  2  
 4 Alexander Edler          Cam Fowler                                        0      1   2  2  

PowerPlay Forward 
   Center                   Left Wing                Right Wing               Time % Phy DF OF 
 1 Ryan Kesler              Artem Anisimov           Alex Ovechkin            65     0   1  4  
 2 Mathieu Perreault        Patrick Maroon           Thomas Vanek             35     0   1  4  

PowerPlay Defense
   Defense                  Defense                                           Time % Phy DF OF 
 1 Cam Fowler               Alexander Edler                                   60     0   1  4  
 2 Justin Schultz           Michael Del Zotto                                 40     0   1  4  

Penalty Kill 4 Players Forward 
   Center                   Wing                     Time % Phy DF OF 
 1 Martin Hanzal            Jason Zucker             60     1   4  0  
 2 William Karlsson         Magnus Paajarvi          40     1   4  0  

Penalty Kill 4 Players Defense
   Defense                  Defense                  Time % Phy DF OF 
 1 Danny DeKeyser           Brian Dumoulin           60     1   4  0  
 2 Cam Fowler               Alexander Edler          40     1   4  0  

Penalty Kill - 3 Players Forward 
   Forward                                           Time % Phy DF OF 
 1 Ryan Kesler                                       60     1   4  0  
 2 Martin Hanzal                                     40     1   4  0  

Penalty Kill - 3 Players Defense
   Defense                  Defense                  Time % Phy DF OF 
 1 Cam Fowler               Alexander Edler          60     1   4  0  
 2 Danny DeKeyser           Brian Dumoulin           40     1   4  0  

4 vs 4 Forward 
   Center                   Wing                     Time % Phy DF OF 
 1 Ryan Kesler              Alex Ovechkin            60     0   2  3  
 2 Artem Anisimov           Thomas Vanek             40     1   2  2  

4 vs 4 Defense
   Defense                  Defense                  Time % Phy DF OF 
 1 Cam Fowler               Alexander Edler          60     0   2  3  
 2 Justin Schultz           Michael Del Zotto        40     1   2  2  

Last Minutes Offensive
   Center                   Left Wing                Right Wing               Defense                  Defense                  
   Ryan Kesler              Alex Ovechkin            Thomas Vanek             Cam Fowler               Justin Schultz           

Last Minutes Defensive
   Center                   Left Wing                Right Wing               Defense                  Defense                  
   Ryan Kesler              Martin Hanzal            William Karlsson         Cam Fowler               Danny DeKeyser           

Goaltenders
Starting : Ryan Miller              
Backup : Alex Stalock             

Extra Forwards
Normal : Mathieu Perreault, Jason Zucker, Patrick Maroon - PP : Mathieu Perreault, Patrick Maroon - PK : Ryan Reaves
Extra Defensemen
Normal : Danny DeKeyser, Brian Dumoulin, Cam Fowler - PP : Danny DeKeyser - PK : Cam Fowler, Brian Dumoulin
Penalty Shots
Thomas Vanek, William Karlsson, Alex Ovechkin, Artem Anisimov, Ryan Kesler
Custom OT Lines Forwards
Alex Ovechkin, Ryan Kesler, Artem Anisimov, Martin Hanzal, Thomas Vanek, Jason Zucker, Mathieu Perreault, Patrick Maroon, Oliver Bjorkstrand, William Karlsson
Custom OT Lines Defensemen
Justin Schultz, Cam Fowler, Brian Dumoulin, Michael Del Zotto, Danny DeKeyser

Scratches
Troy Stecher (Healthy), Semyon Varlamov (Healthy)

% Time on Ice - Canadiens

Lines # - Real PCT - Wanted PCT - Time Play
Normal Forward
1 - 29% - 30% - 14:20
2 - 29% - 30% - 14:29
3 - 24% - 25% - 11:55
4 - 17% - 15% - 8:26
Normal Defense
1 - 33% - 32% - 16:01
2 - 33% - 32% - 16:15
3 - 32% - 30% - 15:31
4 - 3% - 6% - 1:23
PP Forward
1 - 53% - 50% - 2:05
2 - 47% - 50% - 1:53
PP Defense
1 - 50% - 50% - 2:00
2 - 50% - 50% - 1:58
PK Forward
1 - 72% - 60% - 4:16
2 - 28% - 40% - 1:41
PK Defense
1 - 65% - 60% - 3:51
2 - 35% - 40% - 2:06
PK3 Forward
1 - 0% - 50%
2 - 0% - 50%
PK3 Defense
1 - 0% - 50%
2 - 0% - 50%
44 Forward
1 - 0% - 50%
2 - 0% - 50%
44 Defense
1 - 0% - 50%
2 - 0% - 50%
Last Minute Offensive  - 0:55
Last Minute Defensive  - 0:00
Total
Forward - 60:00
Defense - 60:00

% Time on Ice - Kings

Lines # - Real PCT - Wanted PCT - Time Play
Normal Forward
1 - 33% - 37% - 16:18
2 - 28% - 30% - 13:58
3 - 24% - 24% - 11:38
4 - 15% - 9% - 7:16
Normal Defense
1 - 40% - 40% - 19:52
2 - 31% - 32% - 15:05
3 - 29% - 28% - 14:13
4 - 0% - 0% - 0:00
PP Forward
1 - 55% - 65% - 3:18
2 - 45% - 35% - 2:39
PP Defense
1 - 62% - 60% - 3:42
2 - 38% - 40% - 2:15
PK Forward
1 - 73% - 60% - 2:53
2 - 27% - 40% - 1:05
PK Defense
1 - 58% - 60% - 2:18
2 - 42% - 40% - 1:40
PK3 Forward
1 - 0% - 60%
2 - 0% - 40%
PK3 Defense
1 - 0% - 60%
2 - 0% - 40%
44 Forward
1 - 0% - 60%
2 - 0% - 40%
44 Defense
1 - 0% - 60%
2 - 0% - 40%
Last Minute Offensive  - 0:00
Last Minute Defensive  - 0:55
Total
Forward - 60:00
Defense - 60:00

Play by Play

1st period


0:01 of 1st period - Bryan Little wins face-off versus Ryan Kesler in neutral zone.
0:59 of 1st period - Wrist shot by Antoine Roussel.
0:59 of 1st period - Shot Misses the Net.
1:59 of 1st period - Slapshot by Ryan Strome.
1:59 of 1st period - Shot Misses the Net.
2:15 of 1st period - Slapshot by Mathieu Perreault.
2:15 of 1st period - Shot Misses the Net.
2:17 of 1st period - Wrist shot by Magnus Paajarvi.
2:17 of 1st period - Shot Blocked by Alexei Emelin.
2:58 of 1st period - Sven Baertschi is hit by Oliver Bjorkstrand and loses puck.
3:03 of 1st period - Snap shot by Oliver Bjorkstrand.
3:03 of 1st period - Shot Misses the Net.
3:05 of 1st period - Slapshot by Brian Dumoulin.
3:05 of 1st period - Stopped by Robin Lehner with a rebound.
3:07 of 1st period - Snap shot by Michael Del Zotto.
3:07 of 1st period - Stopped by Robin Lehner with a rebound.
3:14 of 1st period - Icing by Brett Pesce.
3:15 of 1st period - Thomas Vanek wins face-off versus Ryan Strome in Canadiens zone.
3:24 of 1st period - Wrist shot by Reilly Smith.
3:24 of 1st period - Shot Misses the Net.
3:26 of 1st period - Slapshot by Brett Pesce.
3:26 of 1st period - Stopped by Ryan Miller without a rebound.
3:27 of 1st period - Ryan Kesler wins face-off versus Patrick Marleau in Kings zone.
3:34 of 1st period - Snap shot by Artem Anisimov.
3:34 of 1st period - Stopped by Robin Lehner with a rebound.
3:36 of 1st period - Wrist shot by Ryan Kesler.
3:36 of 1st period - Stopped by Robin Lehner without a rebound.
3:37 of 1st period - Ryan Kesler wins face-off versus Patrick Marleau in Canadiens zone.
3:52 of 1st period - Slapshot by Alex Ovechkin.
3:52 of 1st period - Deflect By Artem Anisimov.
3:52 of 1st period - Shot Hit the Post.
3:52 of 1st period - Puck is out of play.
3:53 of 1st period - Mathieu Perreault wins face-off versus Mitchell Marner in Canadiens zone.
3:54 of 1st period - Snap shot by Patrick Maroon.
3:54 of 1st period - Stopped by Robin Lehner with a rebound.
3:56 of 1st period - Snap shot by Brian Dumoulin.
3:56 of 1st period - Shot Blocked by Brent Seabrook.
4:47 of 1st period - Taylor Beck is hit by Ryan Kesler and loses puck.
4:59 of 1st period - Icing by Francois Beauchemin.
5:00 of 1st period - Nino Niederreiter wins face-off versus William Karlsson in Canadiens zone.
5:36 of 1st period - Snap shot by Mitchell Marner.
5:36 of 1st period - Stopped by Ryan Miller with a rebound.
6:00 of 1st period - Wrist shot by Jason Zucker.
6:00 of 1st period - Goal by Jason Zucker - Canadiens : 0 - Kings : 1.
6:01 of 1st period - Mitchell Marner wins face-off versus Mathieu Perreault in neutral zone.
6:22 of 1st period - Minor Penalty to Patrick Maroon for Hooking.
6:23 of 1st period - Bryan Little wins face-off versus Martin Hanzal in Kings zone.
6:26 of 1st period - Wrist shot by Max Pacioretty.
6:26 of 1st period - Stopped by Ryan Miller without a rebound.
6:27 of 1st period - Bryan Little wins face-off versus Martin Hanzal in Kings zone.
6:58 of 1st period - Snap shot by Nino Niederreiter.
6:58 of 1st period - Stopped by Ryan Miller without a rebound.
6:59 of 1st period - Chris Kreider wins face-off versus William Karlsson in Kings zone.
7:00 of 1st period - Snap shot by Nino Niederreiter.
7:00 of 1st period - Shot Misses the Net.
7:02 of 1st period - Slapshot by Brett Pesce.
7:02 of 1st period - Stopped by Ryan Miller without a rebound.
7:03 of 1st period - William Karlsson wins face-off versus Chris Kreider in Kings zone.
8:22 of 1st period - Penalty to Patrick Maroon is over, Patrick Maroon is back on ice.
8:43 of 1st period - Ryan Kesler is hit by Alexei Emelin and loses puck.
9:38 of 1st period - Snap shot by Jason Zucker.
9:38 of 1st period - Stopped by Robin Lehner with a rebound.
9:40 of 1st period - Wrist shot by Martin Hanzal.
9:40 of 1st period - Stopped by Robin Lehner with a rebound.
9:56 of 1st period - Wrist shot by Chris Kreider.
9:56 of 1st period - Stopped by Ryan Miller without a rebound.
9:57 of 1st period - Mathieu Perreault wins face-off versus Ryan Strome in Kings zone.
10:06 of 1st period - Slapshot by Magnus Paajarvi.
10:06 of 1st period - Stopped by Robin Lehner without a rebound.
10:07 of 1st period - Ryan Strome wins face-off versus Mathieu Perreault in Canadiens zone.
10:20 of 1st period - Snap shot by Ryan Strome.
10:20 of 1st period - Shot Blocked by Mathieu Perreault.
10:22 of 1st period - Slapshot by Brett Pesce.
10:22 of 1st period - Stopped by Ryan Miller with a rebound.
10:30 of 1st period - Snap shot by Ryan Strome.
10:30 of 1st period - Stopped by Ryan Miller with a rebound.
10:32 of 1st period - Snap shot by Antoine Roussel.
10:32 of 1st period - Goal by Antoine Roussel - Canadiens : 1 - Kings : 1.
10:33 of 1st period - Jason Zucker wins face-off versus Patrick Marleau in neutral zone.
12:04 of 1st period - Snap shot by Oliver Bjorkstrand.
12:04 of 1st period - Shot Blocked by Brett Pesce.
12:06 of 1st period - Slapshot by William Karlsson.
12:06 of 1st period - Stopped by Robin Lehner with a rebound.
12:24 of 1st period - Bryan Little is hit by Alex Ovechkin and loses puck.
13:04 of 1st period - Icing by Danny DeKeyser.
13:05 of 1st period - Patrick Marleau wins face-off versus Mathieu Perreault in Kings zone.
13:12 of 1st period - Snap shot by Patrick Marleau.
13:12 of 1st period - Shot Blocked by Danny DeKeyser.
13:14 of 1st period - Slapshot by Francois Beauchemin.
13:14 of 1st period - Shot Misses the Net.
13:16 of 1st period - Wrist shot by Nino Niederreiter.
13:16 of 1st period - Shot Misses the Net.
13:18 of 1st period - Slapshot by Calvin de Haan.
13:18 of 1st period - Deflect By Justin Schultz.
13:18 of 1st period - Stopped by Ryan Miller with a rebound.
14:22 of 1st period - Wrist shot by Chris Kreider.
14:22 of 1st period - Shot Misses the Net.
14:24 of 1st period - Snap shot by Chris Kreider.
14:24 of 1st period - Shot Misses the Net.
14:42 of 1st period - Wrist shot by Alex Ovechkin.
14:42 of 1st period - Shot Blocked by Jake Muzzin.
14:48 of 1st period - Ryan Kesler is hit by Brent Seabrook and loses puck.
14:59 of 1st period - Wrist shot by Mitchell Marner.
14:59 of 1st period - Stopped by Ryan Miller with a rebound.
15:03 of 1st period - Wrist shot by Max Pacioretty.
15:03 of 1st period - Stopped by Ryan Miller with a rebound.
15:05 of 1st period - Snap shot by Bryan Little.
15:05 of 1st period - Deflect By Ryan Kesler.
15:05 of 1st period - Shot Misses the Net.
15:05 of 1st period - Puck is out of play.
15:06 of 1st period - Martin Hanzal wins face-off versus Bryan Little in Kings zone.
15:31 of 1st period - Nino Niederreiter is hit by Patrick Maroon and loses puck.
15:58 of 1st period - Alexander Edler is hit by Ryan Strome and loses puck.
16:23 of 1st period - Off-side.
16:24 of 1st period - Martin Hanzal wins face-off versus Bryan Little in neutral zone.
16:34 of 1st period - Icing by Jason Zucker.
16:35 of 1st period - Patrick Marleau wins face-off versus Martin Hanzal in Kings zone.
16:44 of 1st period - Slapshot by Nino Niederreiter.
16:44 of 1st period - Stopped by Ryan Miller with a rebound.
16:46 of 1st period - Slapshot by Nino Niederreiter.
16:46 of 1st period - Stopped by Ryan Miller without a rebound.
16:47 of 1st period - Ryan Kesler wins face-off versus Patrick Marleau in Kings zone.
17:04 of 1st period - Wrist shot by Alex Ovechkin.
17:04 of 1st period - Shot Blocked by Chris Kreider.
17:44 of 1st period - Slapshot by Ryan Strome.
17:44 of 1st period - Goal by Ryan Strome - Canadiens : 2 - Kings : 1.
17:45 of 1st period - Patrick Marleau wins face-off versus Artem Anisimov in neutral zone.
17:56 of 1st period - Slapshot by Nino Niederreiter.
17:56 of 1st period - Shot Misses the Net.
17:58 of 1st period - Snap shot by Chris Kreider.
17:58 of 1st period - Shot Blocked by Michael Del Zotto.
18:00 of 1st period - Slapshot by Patrick Marleau.
18:00 of 1st period - Stopped by Ryan Miller with a rebound.
18:21 of 1st period - Off-side.
18:22 of 1st period - Ryan Kesler wins face-off versus Patrick Marleau in neutral zone.
18:27 of 1st period - Wrist shot by Alex Ovechkin.
18:27 of 1st period - Stopped by Robin Lehner without a rebound.
18:28 of 1st period - Ryan Kesler wins face-off versus Patrick Marleau in Canadiens zone.
18:35 of 1st period - Ryan Kesler is hit by Patrick Marleau and loses puck.
19:18 of 1st period - Wrist shot by Ryan Kesler.
19:18 of 1st period - Stopped by Robin Lehner without a rebound.
19:19 of 1st period - Martin Hanzal wins face-off versus Bryan Little in Canadiens zone.
19:20 of 1st period - Snap shot by Thomas Vanek.
19:20 of 1st period - Stopped by Robin Lehner without a rebound.
19:21 of 1st period - Martin Hanzal wins face-off versus Bryan Little in Canadiens zone.
19:28 of 1st period - Wrist shot by Jason Zucker.
19:28 of 1st period - Shot Misses the Net.
Goals for this period are 2 for Canadiens vs 1 for Kings.
Shots for this period are 16 for Canadiens vs 13 for Kings.

2nd period


0:01 of 2nd period - Martin Hanzal wins face-off versus Bryan Little in neutral zone.
0:22 of 2nd period - Minor Penalty to Jake Muzzin for Hooking.
0:23 of 2nd period - Ryan Kesler wins face-off versus Ryan Strome in Canadiens zone.
0:40 of 2nd period - Wrist shot by Alex Ovechkin.
0:40 of 2nd period - Shot Misses the Net.
0:52 of 2nd period - Alexander Edler is hit by Antoine Roussel and loses puck.
2:22 of 2nd period - Penalty to Jake Muzzin is over, Jake Muzzin is back on ice.
3:52 of 2nd period - Jake Muzzin is hit by Danny DeKeyser and loses puck.
4:01 of 2nd period - Artem Anisimov is hit by Bryan Little and loses puck.
4:12 of 2nd period - Reilly Smith is hit by Justin Schultz and loses puck.
4:32 of 2nd period - Brett Pesce is hit by Mathieu Perreault and loses puck.
5:24 of 2nd period - Brian Dumoulin is hit by Bryan Little.
5:40 of 2nd period - Martin Hanzal is hit by Chris Kreider and loses puck.
5:45 of 2nd period - Snap shot by Patrick Marleau.
5:45 of 2nd period - Shot Misses the Net.
6:00 of 2nd period - Magnus Paajarvi is hit by Reilly Smith and loses puck.
6:17 of 2nd period - Wrist shot by Sven Baertschi.
6:17 of 2nd period - Shot Misses the Net.
6:19 of 2nd period - Snap shot by Sven Baertschi.
6:19 of 2nd period - Stopped by Ryan Miller with a rebound.
6:29 of 2nd period - Snap shot by Oliver Bjorkstrand.
6:29 of 2nd period - Stopped by Robin Lehner without a rebound.
6:30 of 2nd period - William Karlsson wins face-off versus Bryan Little in Canadiens zone.
7:00 of 2nd period - Jason Zucker is hit by Brett Pesce and loses puck.
7:05 of 2nd period - Snap shot by Reilly Smith.
7:05 of 2nd period - Stopped by Ryan Miller without a rebound.
7:06 of 2nd period - Ryan Kesler wins face-off versus Patrick Marleau in Kings zone.
7:15 of 2nd period - Brent Seabrook is hit by Alex Ovechkin and loses puck.
7:56 of 2nd period - Slapshot by Patrick Maroon.
7:56 of 2nd period - Deflect By Mathieu Perreault.
7:56 of 2nd period - Stopped by Robin Lehner with a rebound.
8:03 of 2nd period - Minor Penalty to Patrick Maroon for Roughing.
8:04 of 2nd period - Martin Hanzal wins face-off versus Chris Kreider in Kings zone.
10:03 of 2nd period - Penalty to Patrick Maroon is over, Patrick Maroon is back on ice.
10:15 of 2nd period - Snap shot by Patrick Maroon.
10:15 of 2nd period - Stopped by Robin Lehner with a rebound.
10:18 of 2nd period - Icing by Reilly Smith.
10:19 of 2nd period - Ryan Kesler wins face-off versus Ryan Strome in Canadiens zone.
10:20 of 2nd period - Snap shot by Alex Ovechkin.
10:20 of 2nd period - Deflect By Ryan Strome.
10:20 of 2nd period - Stopped by Robin Lehner without a rebound.
10:21 of 2nd period - Ryan Kesler wins face-off versus Reilly Smith in Canadiens zone.
10:56 of 2nd period - Wrist shot by Mathieu Perreault.
10:56 of 2nd period - Deflect By Patrick Maroon.
10:56 of 2nd period - Shot Misses the Net.
10:56 of 2nd period - Puck is out of play.
10:57 of 2nd period - Bryan Little wins face-off versus Martin Hanzal in Canadiens zone.
11:02 of 2nd period - Snap shot by Thomas Vanek.
11:02 of 2nd period - Stopped by Robin Lehner without a rebound.
11:03 of 2nd period - Thomas Vanek wins face-off versus Bryan Little in Canadiens zone.
11:04 of 2nd period - Snap shot by Martin Hanzal.
11:04 of 2nd period - Shot Misses the Net.
11:06 of 2nd period - Wrist shot by Jason Zucker.
11:06 of 2nd period - Shot Misses the Net.
11:08 of 2nd period - Snap shot by Thomas Vanek.
11:08 of 2nd period - Stopped by Robin Lehner without a rebound.
11:09 of 2nd period - Patrick Marleau wins face-off versus Ryan Kesler in Canadiens zone.
11:34 of 2nd period - Max Pacioretty is hit by Jason Zucker.
12:17 of 2nd period - Slapshot by Cam Fowler.
12:17 of 2nd period - Deflect By Oliver Bjorkstrand.
12:17 of 2nd period - Stopped by Robin Lehner with a rebound.
12:19 of 2nd period - Slapshot by Alexander Edler.
12:19 of 2nd period - Shot Blocked by Calvin de Haan.
12:21 of 2nd period - Slapshot by Alexander Edler.
12:21 of 2nd period - Deflect By Oliver Bjorkstrand.
12:21 of 2nd period - Stopped by Robin Lehner without a rebound.
12:22 of 2nd period - Ryan Kesler wins face-off versus Patrick Marleau in Canadiens zone.
12:29 of 2nd period - Wrist shot by Alex Ovechkin.
12:29 of 2nd period - Shot Blocked by Patrick Marleau.
13:21 of 2nd period - Wrist shot by Ryan Strome.
13:21 of 2nd period - Shot Misses the Net.
13:59 of 2nd period - Snap shot by Chris Kreider.
13:59 of 2nd period - Stopped by Ryan Miller with a rebound.
14:33 of 2nd period - Slapshot by Calvin de Haan.
14:33 of 2nd period - Stopped by Ryan Miller with a rebound.
14:54 of 2nd period - Wrist shot by Taylor Beck.
14:54 of 2nd period - Stopped by Ryan Miller without a rebound.
14:55 of 2nd period - Steve Ott wins face-off versus William Karlsson in Kings zone.
15:21 of 2nd period - William Karlsson is hit by Taylor Beck and loses puck.
15:27 of 2nd period - Off-side.
15:28 of 2nd period - Ryan Kesler wins face-off versus Patrick Marleau in neutral zone.
15:53 of 2nd period - Snap shot by Martin Hanzal.
15:53 of 2nd period - Shot Misses the Net.
15:55 of 2nd period - Slapshot by Cam Fowler.
15:55 of 2nd period - Stopped by Robin Lehner with a rebound.
15:57 of 2nd period - Backhand shot by Jason Zucker.
15:57 of 2nd period - Stopped by Robin Lehner with a rebound.
16:35 of 2nd period - Slapshot by Brent Seabrook.
16:35 of 2nd period - Shot Misses the Net.
17:22 of 2nd period - Justin Schultz is hit by Alexei Emelin and loses puck.
17:48 of 2nd period - Slapshot by Cam Fowler.
17:48 of 2nd period - Shot Misses the Net.
17:50 of 2nd period - Snap shot by Alexander Edler.
17:50 of 2nd period - Shot Misses the Net.
17:52 of 2nd period - Wrist shot by Patrick Maroon.
17:52 of 2nd period - Deflect By Mathieu Perreault.
17:52 of 2nd period - Shot Misses the Net.
17:52 of 2nd period - Puck is out of play.
17:53 of 2nd period - Ryan Kesler wins face-off versus Patrick Marleau in Canadiens zone.
17:56 of 2nd period - Backhand shot by Alex Ovechkin.
17:56 of 2nd period - Stopped by Robin Lehner without a rebound.
17:57 of 2nd period - Patrick Marleau wins face-off versus Ryan Kesler in Canadiens zone.
18:08 of 2nd period - Snap shot by Alex Ovechkin.
18:08 of 2nd period - Shot Blocked by Chris Kreider.
18:10 of 2nd period - Snap shot by Artem Anisimov.
18:10 of 2nd period - Deflect By Alex Ovechkin.
18:10 of 2nd period - Shot Misses the Net.
18:10 of 2nd period - Puck is out of play.
18:11 of 2nd period - Ryan Kesler wins face-off versus Bryan Little in Canadiens zone.
18:12 of 2nd period - Wrist shot by Alex Ovechkin.
18:12 of 2nd period - Shot Blocked by Brett Pesce.
18:26 of 2nd period - Snap shot by Max Pacioretty.
18:26 of 2nd period - Stopped by Ryan Miller with a rebound.
18:42 of 2nd period - Off-side.
18:43 of 2nd period - Patrick Marleau wins face-off versus Martin Hanzal in neutral zone.
19:51 of 2nd period - Steve Ott is hit by Brian Dumoulin and loses puck.
Goals for this period are 0 for Canadiens vs 0 for Kings.
Shots for this period are 6 for Canadiens vs 11 for Kings.

3rd period


0:01 of 3rd period - Ryan Kesler wins face-off versus Bryan Little in neutral zone.
0:04 of 3rd period - Wrist shot by Alexander Edler.
0:04 of 3rd period - Shot Misses the Net.
0:06 of 3rd period - Snap shot by Cam Fowler.
0:06 of 3rd period - Shot Misses the Net.
0:08 of 3rd period - Slapshot by Cam Fowler.
0:08 of 3rd period - Shot Blocked by Max Pacioretty.
0:12 of 3rd period - Snap shot by Alex Ovechkin.
0:12 of 3rd period - Shot Misses the Net.
0:14 of 3rd period - Slapshot by Cam Fowler.
0:14 of 3rd period - Shot Misses the Net.
0:16 of 3rd period - Wrist shot by Artem Anisimov.
0:16 of 3rd period - Deflect By Alex Ovechkin.
0:16 of 3rd period - Stopped by Robin Lehner without a rebound.
0:17 of 3rd period - Patrick Marleau wins face-off versus Martin Hanzal in Canadiens zone.
0:17 of 3rd period - Patrick Marleau is hit by Martin Hanzal.
0:30 of 3rd period - Wrist shot by Thomas Vanek.
0:30 of 3rd period - Stopped by Robin Lehner without a rebound.
0:31 of 3rd period - Ryan Kesler wins face-off versus Bryan Little in Canadiens zone.
1:40 of 3rd period - Taylor Beck is hit by Jason Zucker and loses puck.
2:21 of 3rd period - Wrist shot by Patrick Maroon.
2:21 of 3rd period - Shot Misses the Net.
2:23 of 3rd period - Slapshot by Danny DeKeyser.
2:23 of 3rd period - Shot Misses the Net.
2:35 of 3rd period - Slapshot by Patrick Marleau.
2:35 of 3rd period - Shot Misses the Net.
3:00 of 3rd period - Off-side.
3:01 of 3rd period - William Karlsson wins face-off versus Patrick Marleau in neutral zone.
4:15 of 3rd period - Wrist shot by Taylor Beck.
4:15 of 3rd period - Stopped by Ryan Miller without a rebound.
4:16 of 3rd period - Patrick Marleau wins face-off versus Mathieu Perreault in Kings zone.
4:41 of 3rd period - Brent Seabrook is hit by Artem Anisimov and loses puck.
4:55 of 3rd period - Off-side.
4:56 of 3rd period - Ryan Strome wins face-off versus Martin Hanzal in neutral zone.
5:01 of 3rd period - Snap shot by Ryan Strome.
5:01 of 3rd period - Shot Misses the Net.
5:03 of 3rd period - Slapshot by Francois Beauchemin.
5:03 of 3rd period - Shot Misses the Net.
5:05 of 3rd period - Slapshot by Calvin de Haan.
5:05 of 3rd period - Stopped by Ryan Miller with a rebound.
5:07 of 3rd period - Wrist shot by Antoine Roussel.
5:07 of 3rd period - Shot Misses the Net.
5:09 of 3rd period - Slapshot by Calvin de Haan.
5:09 of 3rd period - Shot Blocked by Danny DeKeyser.
5:11 of 3rd period - Snap shot by Ryan Strome.
5:11 of 3rd period - Shot Misses the Net.
5:26 of 3rd period - Calvin de Haan is hit by Danny DeKeyser and loses puck.
5:31 of 3rd period - Backhand shot by Alex Ovechkin.
5:31 of 3rd period - Deflect By Ryan Kesler.
5:31 of 3rd period - Shot Blocked by Chris Kreider.
5:31 of 3rd period - Puck is out of play.
5:32 of 3rd period - Ryan Kesler wins face-off versus Bryan Little in Canadiens zone.
5:57 of 3rd period - Chris Kreider is hit by Magnus Paajarvi.
6:42 of 3rd period - Minor Penalty to Steve Ott for Cross-checking.
6:43 of 3rd period - Ryan Kesler wins face-off versus Ryan Strome in Canadiens zone.
7:15 of 3rd period - Slapshot by Mathieu Perreault.
7:15 of 3rd period - Shot Misses the Net.
7:17 of 3rd period - Slapshot by Cam Fowler.
7:17 of 3rd period - Shot Misses the Net.
7:19 of 3rd period - Backhand shot by Thomas Vanek.
7:19 of 3rd period - Stopped by Robin Lehner without a rebound.
7:20 of 3rd period - Ryan Strome wins face-off versus Ryan Kesler in Canadiens zone.
7:40 of 3rd period - Calvin de Haan is hit by Patrick Maroon and loses puck.
8:42 of 3rd period - Penalty to Steve Ott is over, Steve Ott is back on ice.
9:03 of 3rd period - Slapshot by Antoine Roussel.
9:03 of 3rd period - Stopped by Ryan Miller without a rebound.
9:04 of 3rd period - Martin Hanzal wins face-off versus Patrick Marleau in Kings zone.
9:04 of 3rd period - Martin Hanzal is hit by Jake Muzzin.
9:53 of 3rd period - Icing by Artem Anisimov.
9:54 of 3rd period - Mathieu Perreault wins face-off versus Steve Ott in Kings zone.
10:31 of 3rd period - Wrist shot by Thomas Vanek.
10:31 of 3rd period - Goal by Thomas Vanek - Canadiens : 2 - Kings : 2.
10:32 of 3rd period - Patrick Marleau wins face-off versus Ryan Kesler in neutral zone.
11:05 of 3rd period - Snap shot by Patrick Maroon.
11:05 of 3rd period - Shot Misses the Net.
11:07 of 3rd period - Slapshot by Danny DeKeyser.
11:07 of 3rd period - Goal by Danny DeKeyser - Canadiens : 2 - Kings : 3.
11:08 of 3rd period - Ryan Kesler wins face-off versus Ryan Strome in neutral zone.
11:11 of 3rd period - Snap shot by Alex Ovechkin.
11:11 of 3rd period - Shot Misses the Net.
11:13 of 3rd period - Wrist shot by Alex Ovechkin.
11:13 of 3rd period - Shot Misses the Net.
11:15 of 3rd period - Slapshot by Alexander Edler.
11:15 of 3rd period - Shot Blocked by Reilly Smith.
11:17 of 3rd period - Snap shot by Alex Ovechkin.
11:17 of 3rd period - Stopped by Robin Lehner without a rebound.
11:18 of 3rd period - Ryan Kesler wins face-off versus Ryan Strome in Canadiens zone.
11:23 of 3rd period - Snap shot by Alex Ovechkin.
11:23 of 3rd period - Deflect By Ryan Kesler.
11:23 of 3rd period - Shot Blocked by Alexei Emelin.
11:23 of 3rd period - Puck is out of play.
11:24 of 3rd period - Ryan Kesler wins face-off versus Bryan Little in Canadiens zone.
11:25 of 3rd period - Snap shot by Alex Ovechkin.
11:25 of 3rd period - Stopped by Robin Lehner with a rebound.
11:40 of 3rd period - Slapshot by Max Pacioretty.
11:40 of 3rd period - Shot Blocked by Cam Fowler.
11:56 of 3rd period - Wrist shot by Martin Hanzal.
11:56 of 3rd period - Shot Blocked by Brett Pesce.
11:58 of 3rd period - Wrist shot by Thomas Vanek.
11:58 of 3rd period - Shot Blocked by Nino Niederreiter.
12:23 of 3rd period - Slapshot by Chris Kreider.
12:23 of 3rd period - Shot Misses the Net.
12:39 of 3rd period - Wrist shot by Reilly Smith.
12:39 of 3rd period - Stopped by Ryan Miller without a rebound.
12:40 of 3rd period - Alex Ovechkin wins face-off versus Ryan Strome in Kings zone.
12:57 of 3rd period - Jake Muzzin is hit by Michael Del Zotto and loses puck.
13:54 of 3rd period - Slapshot by Brian Dumoulin.
13:54 of 3rd period - Stopped by Robin Lehner with a rebound.
13:56 of 3rd period - Snap shot by Ryan Reaves.
13:56 of 3rd period - Shot Misses the Net.
13:58 of 3rd period - Wrist shot by Oliver Bjorkstrand.
13:58 of 3rd period - Shot Misses the Net.
14:00 of 3rd period - Snap shot by Oliver Bjorkstrand.
14:00 of 3rd period - Shot Misses the Net.
14:23 of 3rd period - Minor Penalty to Nino Niederreiter for Hooking.
14:24 of 3rd period - Ryan Strome wins face-off versus Ryan Kesler in Canadiens zone.
14:24 of 3rd period - Ryan Strome is hit by Alexander Edler.
15:11 of 3rd period - Slapshot by Reilly Smith.
15:11 of 3rd period - Stopped by Ryan Miller with a rebound.
15:13 of 3rd period - Snap shot by Steve Ott.
15:13 of 3rd period - Deflect By Reilly Smith.
15:13 of 3rd period - Shot Blocked by Alex Ovechkin.
15:13 of 3rd period - Puck is out of play.
15:14 of 3rd period - Mathieu Perreault wins face-off versus Ryan Strome in Kings zone.
15:22 of 3rd period - Off-side.
15:23 of 3rd period - Ryan Strome wins face-off versus Mathieu Perreault in neutral zone.
16:23 of 3rd period - Penalty to Nino Niederreiter is over, Nino Niederreiter is back on ice.
16:44 of 3rd period - Wrist shot by Oliver Bjorkstrand.
16:44 of 3rd period - Stopped by Robin Lehner with a rebound.
16:46 of 3rd period - Wrist shot by William Karlsson.
16:46 of 3rd period - Shot Misses the Net.
16:48 of 3rd period - Snap shot by Ryan Reaves.
16:48 of 3rd period - Stopped by Robin Lehner without a rebound.
16:49 of 3rd period - Bryan Little wins face-off versus Mathieu Perreault in Canadiens zone.
17:12 of 3rd period - Snap shot by Max Pacioretty.
17:12 of 3rd period - Stopped by Ryan Miller without a rebound.
17:13 of 3rd period - Ryan Kesler wins face-off versus Ryan Strome in Kings zone.
17:29 of 3rd period - Wrist shot by Antoine Roussel.
17:29 of 3rd period - Stopped by Ryan Miller with a rebound.
17:39 of 3rd period - Taylor Beck is hit by Mathieu Perreault and loses puck.
18:13 of 3rd period - Off-side.
18:14 of 3rd period - Ryan Strome wins face-off versus Mathieu Perreault in neutral zone.
18:41 of 3rd period - Ryan Kesler is hit by Steve Ott and loses puck.
18:50 of 3rd period - Snap shot by Sven Baertschi.
18:50 of 3rd period - Deflect By Taylor Beck.
18:50 of 3rd period - Stopped by Ryan Miller without a rebound.
18:51 of 3rd period - Paul Maurice call a timeout for Canadiens.
18:51 of 3rd period - Bryan Little wins face-off versus Ryan Kesler in Kings zone.
18:56 of 3rd period - Snap shot by Max Pacioretty.
18:56 of 3rd period - Stopped by Ryan Miller without a rebound.
18:57 of 3rd period - Ryan Kesler wins face-off versus Bryan Little in Kings zone.
19:22 of 3rd period - Canadiens, Robin Lehner is pulled from the net.
19:43 of 3rd period - Wrist shot by Max Pacioretty.
19:43 of 3rd period - Shot Misses the Net.
19:45 of 3rd period - Snap shot by Max Pacioretty.
19:45 of 3rd period - Goal by Max Pacioretty - Canadiens : 3 - Kings : 3.
19:45 of 3rd period - Robin Lehner from Canadiens was sent back in the game.
19:46 of 3rd period - Mathieu Perreault wins face-off versus Ryan Strome in neutral zone.
19:49 of 3rd period - Francois Beauchemin is hit by Michael Del Zotto and loses puck.
Goals for this period are 1 for Canadiens vs 2 for Kings.
Shots for this period are 10 for Canadiens vs 10 for Kings.

Overtime #1


0:01 of 1st overtime period - Ryan Kesler wins face-off versus Bryan Little in neutral zone.
0:26 of 1st overtime period - Justin Schultz is hit by Mitchell Marner and loses puck.
1:22 of 1st overtime period - Slapshot by Artem Anisimov.
1:22 of 1st overtime period - Shot Blocked by Brett Pesce.
1:24 of 1st overtime period - Snap shot by Martin Hanzal.
1:24 of 1st overtime period - Goal by Martin Hanzal - Canadiens : 3 - Kings : 4.
Goals for this period are 0 for Canadiens vs 1 for Kings.
Shots for this period are 0 for Canadiens vs 1 for Kings.